 Dungeon Crawl Stone Soup version 0.30.0-5-g1a98f26d00 (webtiles) character file.

Game seed: 5424550810252927412

5197 hawla the Thaumaturge (level 11, -8/79 HPs)
             Began as a Meteoran Fire Elementalist on May 12, 2023.
             Was an Initiate of Vehumet.
             Mangled by a skyshark (13 damage)
             ... on level 2 of the Lair of Beasts.
             The game lasted 00:22:32 (3466 turns).

hawla the Thaumaturge (Meteoran Fire Elementalist)  Turns: 3466, Time: 00:22:34

Health: -8/79      AC:  7    Str:  9    XL:     11   Next: 13%
Magic:  11/26      EV: 14    Int: 21    God:    Vehumet [......]
Gold:   84         SH:  0    Dex: 19    Spells: 19/31 levels left

rFire   + . .        r - staff of fire "Corhapaq" {rElec rF+ Will- Dex+3 SInv}
rCold   . . .        (no shield)
rNeg    . . .        a - +0 robe
rPois   .            (no helmet)
rElec   +            c - +1 cloak
rCorr   .            (no gloves)
SInv    +            b - +0 pair of boots
Will    .....        g - amulet of magic regeneration
Stlth   +            (no ring)
HPRegen 0.33/turn    (no ring)
MPRegen 0.60/turn

%: no passive effects
@: glowing, studying Transmutations
A: sense surroundings 2, otherworldly, glowing, explore regen, iridescent scales
1
a: Renounce Religion


You were on level 2 of the Lair of Beasts.
You worshipped Vehumet.
Vehumet was noncommittal.
You visited 3 branches of the dungeon, and saw 12 of its levels.
You also visited: Ossuary.

You collected 398 gold pieces.
You spent 314 gold pieces at shops.

Inventory:

Hand Weapons
 k - a +2 trident of venom
Armour
 a - a +0 robe (worn)
 b - a +0 pair of boots (worn)
 c - a +1 cloak (worn)
Magical Staves
 r - the staff of fire "Corhapaq" (weapon) {rElec rF+ Will- Dex+3 SInv}
   (You found it on level 4 of the Dungeon)

   [staff of fire]

   Base accuracy: +5 Base damage: 5 Base attack delay: 1.2 This weapon's minimum
   attack delay (0.6) is reached at skill level 12.
   Dex:       It affects your dexterity (+3).
   rF:        It protects you from fire.
   rElec:     It insulates you from electricity.
   SInv:      It lets you see invisible.
   Will:      It decreases your willpower.
   It falls into the 'Staves' category.
   It is a one-handed weapon.
 s - a staff of air
Jewellery
 g - an amulet of magic regeneration (around neck)
 h - a ring of ice
 p - an amulet of regeneration
 v - an amulet of the acrobat
Wands
 o - a wand of light (7) (quivered)
 D - a wand of digging (7)
Scrolls
 f - a scroll of brand weapon
 l - a scroll of amnesia
 m - 5 scrolls of fog
 q - 2 scrolls of teleportation {unknown}
 u - a scroll of poison {unknown}
 w - a scroll of butterflies {unknown}
 y - a scroll of fear
 z - a scroll of magic mapping
 A - a scroll of enchant armour
Potions
 d - 2 potions of cancellation
 e - 4 potions of curing
 i - 2 potions of brilliance
 j - 2 potions of ambrosia
 n - a potion of resistance
 t - 2 potions of heal wounds
 x - a potion of attraction
 B - a potion of lignification {unknown}
 C - 2 potions of invisibility {unknown}


   Skills:
 + Level 2.0 Fighting
 + Level 0.4(0.7) Polearms
 + Level 0.8(1.0) Staves
 + Level 4.4 Dodging
 - Level 1.4 Stealth
 + Level 10.6 Spellcasting
 + Level 8.8 Conjurations
 + Level 10.6 Fire Magic
 + Level 3.0 Ice Magic
 + Level 3.0 Air Magic
 + Level 3.0 Evocations


You had 19 spell levels left.
You knew the following spells:

 Your Spells              Type           Power      Damage    Failure   Level
a - Foxfire               Conj/Fire      100%       2x1d9     1%          1
b - Scorch                Fire           100%       2d9       1%          2
c - Flame Wave            Conj/Fire      67%        2d15      1%          4
d - Freezing Cloud        Conj/Ice/Air   15%        6-21      22%         5

Your spell library contained the following spells:

 Spells                   Type           Power      Damage    Failure   Level
 Inner Flame              Hex/Fire       50%        N/A       1%          3
 Volatile Blastmotes      Fire/Tloc      100%       2d18      1%          3
 Ignite Poison            Fire/Tmut/Pois 39%        N/A       4%          3
 Apportation              Tloc           22%        N/A       6%          1
 Cigotuvi's Dreadful Rot  Necr/Pois/Air  30%        N/A       6%          2
 Blink                    Tloc           22%        N/A       10%         2
 Manifold Assault         Tloc           11%        N/A       52%         4
 Alistair's Intoxication  Tmut/Pois      7%         N/A       86%         5
 Storm Form               Tmut/Air       8%         N/A       100%        7


Dungeon Overview and Level Annotations

Branches:
Dungeon (9/15) Zot: 2633   Temple (1/1) D:6 Zot: 567    Lair (2/5) D:9 Zot: 923
Ossuary (visited)
  Swamp: Lair:2-3    Shoals: Lair:2-3     Snake: Lair:2-3    Spider: Lair:2-3
    Orc: D:9-12

Altars:
Ashenzari
Cheibriados
Dithmenos
Fedhas
Gozag
Kikubaaqudgha
Ru
Sif Muna
Uskayaw
Vehumet
Wu Jian
Xom

Shops:
D:3 =   D:7 ?

Portals:
Abyss: D:3

Annotations:
D:3 ojifijod's ghost, amateur AtFi
Temple 2 transporters


Innate Abilities, Weirdness & Mutations

You passively map the area around you.
You are easily found by Zot.
You glow in the dark.
You regain HP and MP as you explore.
You are partially covered in iridescent scales. (AC +2)


Message History

The skyshark is lightly wounded.
The skyshark bites you!
The skyshark tastes blood and grows stronger!
The skyshark tail-slaps you! The skyshark tail-slaps you.
Casting: Scorch (safe; 1% risk of failure)
Confirm with . or Enter, or press ? or * to list all spells.
Casting: Flame Wave (dangerous; 1% risk of failure)
Press: ? - help, Dir - look around, f - activate You feel a surge of power!
A wave of flame ripples out!
The flame wave engulfs the skyshark!!!
The skyshark is burned terribly!
The skyshark is severely wounded. (Press . to intensify the flame waves.)
The skyshark bites you!!
The skyshark enters a blood-rage!
The skyshark tail-slaps you. The skyshark tail-slaps you!
* * * LOW HITPOINT WARNING * * *
A wave of flame ripples out!
The flame wave engulfs the skyshark!!
The skyshark is burned terribly!
The skyshark is severely wounded.
The flame wave engulfs the plant!
The plant begins to die.
The plant is lightly damaged.
The flame wave engulfs the fungus!!
The fungus begins to die.
The fungus is lightly damaged.
You hear a loud, deep croak!
The skyshark bites you.
* * * LOW HITPOINT WARNING * * *
The skyshark completely misses you.
The skyshark tail-slaps you but does no damage.
A wave of flame ripples out!
The flame wave engulfs the skyshark!
The skyshark is burned terribly!
The skyshark is almost dead.
The flame wave engulfs the plant!
The plant is lightly damaged.
The flame wave engulfs the fungus!
The fungus is lightly damaged.
You finish channelling waves of flame.
You hear a howl!
You hear a loud, deep croak!
You hear a howl!
The skyshark bites you!
* * * LOW HITPOINT WARNING * * *
The skyshark tail-slaps you!
You die...

, * ,, * * ,
...... * ,,,
,...... * ......#
,,, * * ......P###
, ,* , #........##
, , #......).####
* ♣........#P# *,
* , ♣..l@.....###
.. *,
.~...P#........##
.... ,, *.....
#P#.......###*....
,,* ,~...
####.#......##....
* ..~ *
##..#.......... ♣♣
***
#.#####.....#.* *
* ### #..#...# * *
* ###.#.P# *
##..##


You could see a skyshark (berserk, combustible).

Vanquished Creatures
  A catoblepas (Lair:1)
  Pikel (D:6)
  A black mamba (Lair:1)
  A cane toad (Lair:2)
  2 komodo dragons (Lair:1)
  A rime drake (Lair:2)
  Eustachio (D:4)
  A spectral komodo dragon (Lair:2)
  A steam dragon (D:6)
  Edmund (D:6)
  An orc warrior (D:5)
  A sky beast (D:8)
  A black bear (D:5)
  An ogre (D:5)
  2 centaurs (D:6)
  2 phantoms
  5 wolves (Lair:2)
  A lemure (D:6)
  2 bullfrogs
  4 scorpions
  A quasit (D:3)
  3 hounds
  An orc priest (D:6)
  A gnoll bouda (D:6)
  3 jellies
  A sleepcap (D:6)
  An iguana (D:5)
  2 orc wizards
  2 mummies
  16 gnolls
  6 adders
  An ufetubus (D:6)
  3 worms
  25 orcs
  3 spectral bats (Ossuary)
  3 ball pythons
  6 endoplasms
  3 giant cockroaches
  12 gnoll zombies (Ossuary)
  9 goblins
  11 hobgoblins
  2 quokkas
  3 bats
  2 bat simulacra (Ossuary)
  A frilled lizard (D:1)
  4 goblin simulacra (Ossuary)
  6 goblin zombies (Ossuary)
  7 hobgoblin zombies
  5 kobolds
  4 kobold simulacra (Ossuary)
  5 kobold zombies (Ossuary)
  2 orc zombies (Ossuary)
  5 rat simulacra (Ossuary)
  2 spectral goblins (Ossuary)
  4 spectral kobolds (Ossuary)
  2 spectral rats (Ossuary)
198 creatures vanquished.

Vanquished Creatures (others)
  334 foxfires
334 creatures vanquished.

Grand Total: 532 creatures vanquished

Notes
Turn   | Place    | Note
-------+----------+-------------------------------------------
     0 | D:1      | hawla the Meteoran Fire Elementalist began the quest for
                  | the Orb.
     0 | D:1      | Reached XP level 1. HP: 14/14 MP: 5/5
    35 | D:1      | Reached XP level 2. HP: 20/20 MP: 2/6
    71 | D:1      | Learned a level 2 spell: Scorch
   328 | D:3      | Reached XP level 3. HP: 26/26 MP: 2/8
   376 | D:3      | Reached XP level 4. HP: 33/33 MP: 2/9
   404 | D:3      | Found a transporter.
   413 | D:3      | Reached skill level 5 in Fire Magic
   428 | D:3      | Found a transporter.
   449 | D:3      | Reached XP level 5. HP: 38/38 MP: 7/11
   456 | D:3      | Found Gipraib's Jewellery Shoppe.
   613 | D:3      | Noticed ojifijod's ghost (amateur AtFi)
   613 | D:3      | Found a one-way gate to the infinite horrors of the Abyss.
   886 | D:4      | Found a sand-covered staircase.
   891 | D:4      | Reached XP level 6. HP: 45/45 MP: 6/13
   894 | Ossuary  | Entered an ossuary
   909 | Ossuary  | Learned a level 4 spell: Flame Wave
  1363 | D:4      | Reached XP level 7. HP: 47/50 MP: 5/14
  1407 | D:4      | Noticed Eustachio
  1439 | D:4      | Killed Eustachio
  1440 | D:4      | Reached skill level 5 in Conjurations
  1494 | D:4      | Identified the staff of fire "Corhapaq" {rElec rF+ Will-
                  | Dex+3 SInv}
  1705 | D:4      | Reached skill level 1 in Air Magic
  1705 | D:4      | Reached skill level 1 in Evocations
  1836 | D:5      | Entered Level 5 of the Dungeon
  1845 | D:5      | Gained mutation: Your flesh is cold resistant. (rC+)
                  | [potion of mutation]
  1845 | D:5      | Gained mutation: You are dopey. (Int -2) [potion of
                  | mutation]
  1845 | D:5      | Lost mutation: Your flesh is cold resistant. (rC+) [potion
                  | of mutation]
  1845 | D:5      | Gained mutation: Your system is resistant to poisons.
                  | (rPois) [potion of mutation]
  1894 | D:5      | Reached XP level 8. HP: 57/57 MP: 12/15
  1899 | D:5      | Lost mutation: Your system is resistant to poisons. (rPois)
                  | [potion of mutation]
  1899 | D:5      | Lost mutation: You are dopey. (Int -2) [potion of mutation]
  1899 | D:5      | Gained mutation: You have large cloven feet. [potion of
                  | mutation]
  1899 | D:5      | Gained mutation: You have hoof-like feet. [potion of
                  | mutation]
  2083 | D:5      | Reached skill level 5 in Spellcasting
  2146 | D:5      | Gained mutation: You passively map the area around you.
                  | [Meteoran growth]
  2146 | D:5      | Reached XP level 9. HP: 21/63 MP: 13/18
  2195 | D:5      | Lost mutation: You have hoof-like feet. [potion of
                  | mutation]
  2195 | D:5      | Lost mutation: You have large cloven feet. [potion of
                  | mutation]
  2195 | D:5      | Gained mutation: You occasionally shout uncontrollably at
                  | your foes. [potion of mutation]
  2195 | D:5      | Gained mutation: Your magical capacity is low. (-10% MP)
                  | [potion of mutation]
  2196 | D:5      | Lost mutation: Your magical capacity is low. (-10% MP)
                  | [potion of mutation]
  2196 | D:5      | Lost mutation: You occasionally shout uncontrollably at
                  | your foes. [potion of mutation]
  2196 | D:5      | Gained mutation: You are partially covered in iridescent
                  | scales. (AC +2) [potion of mutation]
  2376 | D:6      | Noticed Pikel
  2385 | D:6      | Killed Pikel
  2386 | D:6      | Reached skill level 1 in Fighting
  2601 | D:6      | Found a snail-covered altar of Cheibriados.
  2641 | D:6      | Noticed Edmund
  2647 | D:6      | Killed Edmund
  2666 | D:6      | Reached XP level 10. HP: 72/72 MP: 20/23
  2785 | D:6      | Found a hide-covered altar of Uskayaw.
  2979 | D:6      | Found a shimmering altar of Xom.
  2980 | D:6      | Found a shimmering altar of Xom.
  3003 | D:6      | Found a staircase to the Ecumenical Temple.
  3021 | Temple   | Entered the Ecumenical Temple
  3021 | Temple   | Found a transporter.
  3021 | Temple   | Found a transporter.
  3023 | Temple   | Found a transporter.
  3023 | Temple   | Found a transporter.
  3038 | Temple   | Became a worshipper of Vehumet
  3107 | D:7      | Found Upankoef's Magic Scroll Shoppe.
  3110 | D:7      | Bought a scroll of fear for 60 gold pieces
  3110 | D:7      | Bought a scroll of identify for 30 gold pieces
  3110 | D:7      | Bought a scroll of magic mapping for 112 gold pieces
  3110 | D:7      | Bought a scroll of enchant armour for 112 gold pieces
  3157 | D:9      | Found a staircase to the Lair.
  3191 | Lair:1   | Entered Level 1 of the Lair of Beasts
  3205 | Lair:1   | Noticed a catoblepas
  3217 | Lair:1   | Killed a catoblepas
  3242 | Lair:1   | Noticed a komodo dragon
  3249 | Lair:1   | Killed a komodo dragon
  3258 | Lair:1   | Reached skill level 10 in Fire Magic
  3259 | Lair:1   | Noticed a komodo dragon
  3266 | Lair:1   | Killed a komodo dragon
  3283 | Lair:1   | Noticed a black mamba
  3287 | Lair:1   | Killed a black mamba
  3288 | Lair:1   | Reached skill level 10 in Spellcasting
  3316 | Lair:2   | Noticed a rime drake
  3324 | Lair:2   | Killed a rime drake
  3325 | Lair:2   | Reached XP level 11. HP: 67/79 MP: 11/26
  3342 | Lair:2   | Learned a level 5 spell: Freezing Cloud
  3457 | Lair:2   | Noticed a skyshark
  3466 | Lair:2   | Mangled by a skyshark

Illustrated notes

Levels and vault maps discovered:
D:1:      saegor_arrival_miasma, layout_loops_ring, corexii_hall_statues_deadend
D:2:      layout_loops_ring
D:3:      layout_loops_ring, gammafunk_ghost_abyssal_escape, serial_shops,
          shop_statue, minmay_misc_feat_ornament
D:4:      layout_cave_pools, nicolae_ossuary_entry_giza, uniq_eustachio
D:5:      layout_rooms
D:6:      corexii_shack_village, layout_basic, general_overflow_altar,
          mainiacjoe_overflow_chevrons, xom_redecorated, temple_green,
          minmay_manual_mares, uniq_edmund, uniq_pikel
D:7:      layout_gridville, serial_shops, shop, chequers_serial_rivers_micro_b
D:8:      layout_cave_pools, mainiacjoe_overflow_small_starburst,
          nicolae_qazlal_style_of_elements, nicolae_overflow_crystal_walls
D:9:      layout_rooms, trog_three_pillars_becter, lemuel_tele_altar,
          mainiacjoe_overflow_divided_tiny, lair_entry_dummy, zombieorc2_lemuel,
          serial_shops, nicolae_shop_tiny_glass
Temple:   hellmonk_temple_divided_pantheon
Lair:1:   layout_chaotic_city, eino_small_chamber_without_monster
Lair:2:   layout_cave_pods, nicolae_swamp_entry_spooky, basic_altar

Skill      XL: |  1  2  3  4  5  6  7  8  9 10 11 |
---------------+----------------------------------+-----
Fire Magic     | 4 5 6 8 10 | 10.6
Spellcasting   | 3 4 5 8 10 | 10.6
Conjurations   | 4 6 7 8 |  8.8
Air Magic      | 1 3 |  3.0
Evocations     | 1 3 |  3.0
Dodging        | 3 4 |  4.4
Fighting       | 1 2 |  2.0
Ice Magic      | 3 |  3.0
Polearms       | |  0.4
Staves         | |  0.8
Stealth        | |  1.4

Action                     |  1- 3 |  4- 6 |  7- 9 | 10-12 || total
---------------------------+-------+-------+-------+-------++-------
  Melee: Unarmed           |       |    12 |       |       ||    12
         Staff             |       |       |     2 |     2 ||     4
         Trident           |       |       |     1 |       ||     1
   Cast: Foxfire           |    19 |    78 |    57 |    42 ||   196
         Scorch            |     5 |    54 |    41 |    26 ||   126
         Flame Wave        |       |     5 |    12 |     8 ||    25
    Use: Potion            |     1 |     4 |     4 |       ||     9
         Scroll            |       |     1 |     7 |     2 ||    10
 Armour: Robe              |     3 |    41 |    15 |     7 ||    66
  Dodge: Dodged            |     4 |    62 |    22 |    16 ||   104
